 Dungeon Crawl Stone Soup version 0.26.0-10-g1f06aea511 (webtiles) character file.

Game seed: 18065955338287185670

12775 septik the Fighter (level 11, -8/104 HPs)
             Began as a Minotaur Berserker on Jan 25, 2021.
             Was a High Priest of Trog.
             Killed from afar by Maurice (23 damage)
             ... with a bolt of acid
             ... on level 11 of the Dungeon.
             The game lasted 00:29:09 (11091 turns).

septik the Fighter (Minotaur Berserker)            Turns: 11091, Time: 00:29:10

Health: -8/104     AC:  0    Str: 25    XL:     11   Next: 66%
Magic:  10/10      EV: 29    Int:  4    God:    Trog [*****.]
Gold:   641        SH:  0    Dex: 15    Spells: 10/10 levels left

rFire    . . .     SeeInvis .   (weapon currently unavailable)
rCold    . . .     Faith    .   (shield currently unavailable)
rNeg     . . .     Spirit   .   (armour currently unavailable)
rPois    .         Reflect  .   (helmet currently unavailable)
rElec    .         Harm     .   (cloak currently unavailable)
rCorr    .         Rampage  .   (gloves currently unavailable)
Will     .....                  (boots currently unavailable)
Stlth    +.........             d - amulet of the acrobat
HPRegen  0.27/turn              (ring currently unavailable)
MPRegen  0.12/turn              (ring currently unavailable)

@: lethally poisoned (-8 -> -27), bat-form, flying, hasted, very quick
A: tiny, (retaliatory headbutt)
a: Stop Flying, Renounce Religion, Berserk, Trog's Hand, Brothers in Arms


You were on level 11 of the Dungeon.
You worshipped Trog.
Trog was extremely pleased with you.
You were in bat-form.
You visited 1 branch of the dungeon, and saw 11 of its levels.

You collected 762 gold pieces.
You spent 121 gold pieces at shops.

Inventory:

Hand Weapons
 a - a +1 war axe
 M - the +4 rapier of the Morning (melded) {drain, Stlth+}
   (You found it on level 10 of the Dungeon)

   A truly terrible weapon, it drains the life of those it strikes.
   It makes you more stealthy.
Missiles
 n - 3 throwing nets
Armour
 k - a +0 cloak (melded)
 q - a +0 troll leather armour
 u - a +0 pair of boots (melded)
 D - a +0 pair of gloves (melded)
 F - the +9 plate armour "Mahitody" (melded) {Str+4}
   (You found it on level 7 of the Dungeon)

   It affects your strength (+4).
 O - the +8 kite shield of Cuecofepru (melded) {rElec Int+4 Dex+2}
   (You found it on level 11 of the Dungeon)

   It affects your intelligence (+4).
   It affects your dexterity (+2).
   It insulates you from electricity.
Jewellery
 d - an amulet of the acrobat (around neck)
 o - a ring of see invisible (melded)
 E - a +4 ring of protection (melded)
Wands
 p - a wand of paralysis (10)
 r - a wand of disintegration (23)
 B - a wand of polymorph (9)
 H - a wand of flame (41)
 I - a wand of enslavement (11)
Scrolls
 f - 7 scrolls of blinking
 h - 3 scrolls of teleportation
 i - 3 scrolls of magic mapping {unknown}
 j - 5 scrolls of remove curse
 l - 3 scrolls of identify
 v - a scroll of random uselessness {unknown}
 w - 3 scrolls of fear {unknown}
 x - a scroll of amnesia {unknown}
 y - 2 scrolls of enchant weapon
 A - a scroll of fog {unknown}
 C - 3 scrolls of immolation {unknown}
Potions
 b - 3 potions of berserk rage {unknown}
 c - a potion of brilliance
 e - a potion of haste
 g - a potion of ambrosia
 m - a potion of flight {unknown}
 t - 3 potions of lignification {unknown}
 z - 2 potions of curing
 G - 3 potions of attraction {unknown}
 J - 2 potions of cancellation {unknown}
 L - 2 potions of mutation {unknown}


   Skills:
 + Level 11.7 Fighting
 + Level 11.7 Axes
 + Level 11.4 Armour
 + Level 10.5 Dodging
 + Level 0.8 Shields


You had 10 spell levels left.
You didn't know any spells.
Your spell library contained the following spells:

 Spells                   Type           Power        Failure   Level
 Animate Skeleton         Necr           0%           50%         1
 Apportation              Tloc           0%           50%         1
 Corona                   Hex            0%           50%         1
 Pain                     Necr           0%           50%         1
 Summon Small Mammal      Summ           0%           50%         1
 Vampiric Draining        Necr           0%           86%         3
 Animate Dead             Necr           0%           99%         4
 Agony                    Necr           0%           100%        5
 Haunt                    Necr/Summ      0%           100%        7
 Borgnjor's Revivificati  Necr           0%           100%        8
 Infestation              Necr           0%           100%        8
 Necromutation            Tmut/Necr      0%           100%        8
 Death's Door             Necr           0%           100%        9


Dungeon Overview and Level Annotations

Branches:
Dungeon (11/15)            Temple (0/1) D:4            Lair (0/6) D:9
    Orc: D:9-12

Altars:
Ashenzari
Cheibriados
Elyvilon
Ru
Trog
Uskayaw
Wu Jian

Shops:
D:7 [   D:10 }

Annotations:
D:11 Maurice


Innate Abilities, Weirdness & Mutations

((You reflexively headbutt those who attack you in melee.))
((You have a pair of horns on your head.))


Message History

Something steals your uncursed ring of stealth!
You feel yourself speed up.
You feel sick. The gargoyle completely misses you.
You hear a zap.
Something tries to affect you, but you resist.
The now-empty wand crumbles to dust.
You closely miss something. Something hits you!
* * * LOW HITPOINT WARNING * * *
Something steals your wand of acid (15)!
You are lethally poisoned!
The gargoyle misses you.
You bite something!
* * * LOW HITPOINT WARNING * * *
You feel sick.
You hit something.
* * * LOW HITPOINT WARNING * * *
You feel sick.
You hear a zap.
A bolt of acid appears from out of thin air!
The bolt of acid hits you!!
You die...

#.#....#
#.#....# #
#.#....#.#
#.#'####.#
#....(...#
######.###
#...##
###{.# ##b#
### #9# ..#
#†# #.# ...
#######.###
....#
#.^.......#
.....#
#.........#
......+
#......<..#
.......#
.<........##
........#
#....>......


You could see a gargoyle.

Vanquished Creatures
  Harold (D:7)
  2 two-headed ogres
  A deep troll earth mage (D:9)
  Urug (D:10)
  A cyclops (D:9)
  2 manticores
  Joseph (D:7)
  The ghost of iamserjio the Chopper, a novice DDFi of Makhleb (D:7)
  Maggie (D:7)
  A centaur zombie (D:10)
  Psyche (D:8)
  A troll (D:10)
  A wyvern (D:9)
  A wraith (D:11)
  A steam dragon (D:7)
  Menkaure (D:5)
  4 water moccasins
  Duvessa (D:5)
  3 orc warriors
  4 sky beasts
  A black bear (D:7)
  6 ice beasts
  4 phantoms
  5 ogres
  5 centaurs
  4 big kobolds
  8 bullfrogs
  3 scorpions
  A wyvern skeleton (D:9)
  Dowan (D:5)
  3 killer bees (D:9)
  10 wights
  4 howler monkeys
  3 bullfrog zombies
  4 hounds
  3 jellies
  7 orc priests
  7 orc wizards
  A centaur skeleton (D:5)
  4 iguanas
  Ijyb (D:3)
  11 worker ants
  A hound zombie (D:8)
  4 gnolls (D:6)
  12 adders
  A hound simulacrum (D:7)
  2 shadow imps
  3 white imps
  3 ufetubi
  4 adder zombies
  2 oozes
  An adder skeleton (D:8)
  2 worms
  2 dart slugs
  5 leopard geckos
  43 orcs
  6 bats
  6 giant cockroaches
  4 goblins
  14 hobgoblins
  7 jackals
  4 quokkas
  3 ball pythons
  4 frilled lizards
  A jackal skeleton (D:4)
  A jackal zombie (D:7)
  15 kobolds
  9 rats
285 creatures vanquished.

Vanquished Creatures (collateral kills)
  An ice beast (D:7)
  A white imp (D:7)
  A jackal simulacrum (D:7)
3 creatures vanquished.

Vanquished Creatures (others)
  3 fungi (D:1)
  6 toadstools (D:1)
9 creatures vanquished.

Grand Total: 297 creatures vanquished

Notes
Turn   | Place    | Note
-------+----------+-------------------------------------------
     0 | D:1      | septik the Minotaur Berserker began the quest for the Orb.
     0 | D:1      | Reached XP level 1. HP: 19/19 MP: 0/0
   322 | D:1      | Reached XP level 2. HP: 23/27 MP: 1/1
   900 | D:2      | Reached XP level 3. HP: 30/33 MP: 2/2
   987 | D:2      | Reached ** piety under Trog
  1002 | D:2      | Found a faded altar of an unknown god.
  1969 | D:3      | Reached XP level 4. HP: 41/41 MP: 3/3
  2660 | D:3      | Noticed Ijyb
  2673 | D:3      | Killed Ijyb
  2797 | D:3      | Reached XP level 5. HP: 47/47 MP: 4/4
  2976 | D:4      | Reached skill level 5 in Fighting
  2980 | D:4      | Reached skill level 5 in Axes
  2993 | D:4      | Reached XP level 6. HP: 42/56 MP: 5/5
  3128 | D:4      | Found a staircase to the Ecumenical Temple.
  3136 | D:4      | Reached *** piety under Trog
  3315 | D:4      | Found a bloodstained altar of Trog.
  3451 | D:4      | Found a snail-covered altar of Cheibriados.
  3485 | D:5      | Entered Level 5 of the Dungeon
  3665 | D:5      | Noticed an ice beast
  3672 | D:5      | Killed an ice beast
  3673 | D:5      | Reached skill level 5 in Armour
  3673 | D:5      | Reached XP level 7. HP: 62/62 MP: 6/6
  3903 | D:5      | Found a sacrificial altar of Ru.
  4275 | D:5      | Reached skill level 5 in Dodging
  4457 | D:5      | Noticed Menkaure
  4467 | D:5      | Killed Menkaure
  4468 | D:5      | Reached XP level 8. HP: 26/71 MP: 7/7
  4718 | D:5      | Noticed Dowan
  4724 | D:5      | Noticed Duvessa
  4726 | D:5      | Killed Dowan
  4734 | D:5      | Killed Duvessa
  4779 | D:5      | Reached **** piety under Trog
  5646 | D:6      | Reached XP level 9. HP: 77/81 MP: 8/8
  5780 | D:6      | Found a white marble altar of Elyvilon.
  6098 | D:7      | Noticed Joseph
  6100 | D:7      | Noticed Harold
  6111 | D:7      | Killed Harold
  6127 | D:7      | Killed Joseph
  6409 | D:7      | Found a runed translucent gate.
  6409 | D:7      | Found a runed translucent gate.
  6409 | D:7      | Found a runed translucent gate.
  6410 | D:7      | Noticed iamserjio's ghost (novice DDFi)
  6501 | D:7      | Found Elyrey's Antique Armour Shop.
  6514 | D:7      | Bought a pair of gloves for 121 gold pieces
  6533 | D:7      | Killed iamserjio's ghost
  6554 | D:7      | Got the ring of Johioxax {Fire}
  6558 | D:7      | Got a faintly humming plate armour
  6569 | D:7      | Identified the +9 plate armour "Mahitody" {Str+4} (You
                  | found it on level 7 of the Dungeon)
  6578 | D:7      | Noticed Maggie
  6654 | D:7      | Killed Maggie
  6655 | D:7      | Reached XP level 10. HP: 51/91 MP: 9/9
  6923 | D:7      | Found a hide-covered altar of Uskayaw.
  7023 | D:7      | Identified the ring of Johioxax {Fire Str-5 Int+8} (You
                  | found it on level 7 of the Dungeon)
  7034 | D:7      | Found a snail-covered altar of Cheibriados.
  7136 | D:7      | Found a broken altar of Ashenzari.
  7349 | D:7      | Found a snail-covered altar of Cheibriados.
  7530 | D:7      | Noticed a manticore
  7537 | D:7      | Killed a manticore
  7717 | D:7      | Reached skill level 10 in Fighting
  7771 | D:8      | Noticed Psyche
  7783 | D:8      | Killed Psyche
  7784 | D:8      | Reached skill level 10 in Axes
  7868 | D:8      | Reached ***** piety under Trog
  8544 | D:9      | Found a staircase to the Lair.
  8646 | D:9      | Reached skill level 10 in Armour
  8700 | D:9      | Noticed a deep troll earth mage
  8715 | D:9      | Killed a deep troll earth mage
  8722 | D:9      | Noticed a two-headed ogre
  8729 | D:9      | Noticed a cyclops
  8988 | D:9      | Killed a two-headed ogre
  8989 | D:9      | Reached XP level 11. HP: 101/101 MP: 10/10
  9337 | D:9      | Found an ornate altar of the Wu Jian Council.
  9912 | D:10     | Entered Level 10 of the Dungeon
 10048 | D:10     | Reached skill level 10 in Dodging
 10155 | D:10     | Noticed Urug
 10170 | D:10     | Killed Urug
 10243 | D:10     | Found Coygokur's Gadget Shop.
 10316 | D:10     | Got a glimmering rapier
 10317 | D:10     | Identified the +4 rapier of the Morning {drain, Stlth+}
                  | (You found it on level 10 of the Dungeon)
 10376 | D:10     | Received a gift from Trog
 10568 | D:10     | Noticed a two-headed ogre
 10574 | D:10     | Killed a two-headed ogre
 11002 | D:11     | Got a smoking kite shield
 11008 | D:11     | Identified the +8 kite shield of Cuecofepru {rElec Int+4
                  | Dex+2} (You found it on level 11 of the Dungeon)
 11051 | D:11     | Noticed Maurice
 11091 | D:11     | Killed from afar by Maurice

Illustrated notes

Levels and vault maps discovered:
D:1:      lightli_arrival_windingriver, layout_loops_ring,
          minmay_gold_behind_fungi, serial_bayou_lake_a
D:2:      layout_basic, chequers_ecumenical_altar_island, grunt_ministairs_10
D:3:      layout_basic, kennysheep_generic_room_13, uniq_ijyb
D:4:      layout_gridville, lemuel_crystal_altar,
          minmay_temple_entry_nine_rooms, minmay_misc_feat_encased,
          cheibriados_altar_1
D:5:      minmay_evil_eye, layout_basic, lemuel_crystal_altar, uniq_duvessa,
          uniq_menkaure
D:6:      layout_loops_ring, kennysheep_mini, kennysheep_generic_room_11
D:7:      layout_basic, lemuel_doored_altar, lemuel_crystal_altar, serial_shops,
          shop, gammafunk_ghost_icy, basic_altar, minivault_10,
          ashenzari_altar_1, uniq_maggie, uniq_harold, uniq_joseph
D:8:      layout_gridville, uniq_psyche
D:9:      layout_stronghold, old_standard_altar, lair_entry_dummy,
          nzn_random_ring
D:10:     layout_gridville, serial_shops, shop_statue,
          minmay_fractal_squares_gapless_7, uniq_urug
D:11:     layout_roguey, minmay_misc_feat_more_columns, uniq_maurice

Skill      XL: |  1  2  3  4  5  6  7  8  9 10 11 |
---------------+----------------------------------+-----
Fighting       | 4 5 6 7 9 10 11 | 11.7
Axes           | 4 5 6 7 9 10 11 | 11.7
Armour         | 3 4 5 6 7 9 10 11 | 11.4
Dodging        | 3 4 5 6 8 9 10 | 10.5
Shields        | |  0.8

Action                   |  1- 3 |  4- 6 |  7- 9 | 10-12 || total
-------------------------+-------+-------+-------+-------++-------
Melee: Hand axe          |    65 |    37 |       |       ||   102
       Headbutt          |    10 |    25 |    49 |    78 ||   162
       War axe           |       |   114 |   212 |   250 ||   576
       Rapier            |       |       |       |    55 ||    55
       Unarmed           |       |       |       |    18 ||    18
Invok: Berserk           |     1 |     2 |     4 |     6 ||    13
       Trog's Hand       |       |       |     2 |       ||     2
       Brothers in Arms  |       |       |     1 |       ||     1
  Use: Scroll            |       |       |    11 |     1 ||    12
       Potion            |       |       |       |     1 ||     1
 Stab: Sleeping          |     2 |       |       |       ||     2
Armor: Animal skin       |     7 |     4 |       |       ||    11
       Chain mail        |       |    43 |    77 |       ||   120
       Plate armour      |       |       |     7 |   142 ||   149
Dodge: Dodged            |    47 |    75 |   107 |   239 ||   468
Block: Kite shield       |       |       |       |    19 ||    19
